 Dungeon Sprint DCSS version 0.27-a0-773-gaaee5cf45b (webtiles) character file.

Game seed: 15245661377272542318

147594 mhtbhm the Axe Maniac (level 16, -2/183 HPs)
             Began as a Minotaur Fighter on Mar 25, 2021.
             Was the Champion of Trog.
             Slain by Gloorx Vloq (6 damage)
             ... in the Dungeon (Sprint VII: "The Pits").
             The game lasted 00:16:00 (9737 turns).

mhtbhm the Axe Maniac (Minotaur Fighter)            Turns: 9737, Time: 00:16:00

Health: -2/183     AC: 35    Str: 27    XL:     16   Next: 92%
Magic:  16/16      EV: 11    Int:  5    God:    Trog [******]
Gold:   50         SH: 19    Dex: 11    Spells: 15/15 levels left

rFire    + . .     SeeInvis .   a - +6 broad axe (flame)
rCold    + . .     Faith    .   c - +0 kite shield
rNeg     . . .     Spirit   .   b - +2 gold dragon scales
rPois    +         Reflect  .   (helmet restricted)
rElec    .         Harm     .   u - +0 cloak
rCorr    .         Rampage  .   v - +2 pair of gloves {archery}
Will     +++..     NoTele   +   C - +1 pair of boots
Stlth    ..........             (no amulet)
HPRegen  1.40/turn              n - +3 ring of protection
MPRegen  0.15/turn              r - ring of poison resistance

@: lethally poisoned (-2 -> -1), regenerating, slowed, very slow
A: horns 2, retaliatory headbutt, talons 1, deformed body
a: Renounce Religion, Berserk, Trog's Hand, Brothers in Arms


You were in the Dungeon.
You worshipped Trog.
Trog was exalted by your worship.
You visited 1 branch You collected 50 gold pieces.

Inventory:

Hand Weapons
 a - a +6 broad axe of flaming (weapon)
 D - the +3 broad axe of Trog's Approval {flame, SInv Stlth+}
   (Trog gifted it to you in the Dungeon)

   It has been specially enchanted to burn those struck by it, causing extra
   injury to most foes and up to half again as much damage against particularly
   susceptible opponents.
   Big, fiery blades are also staple armaments of hydra-hunters.
   It lets you see invisible.
   It makes you more stealthy.
Missiles
 q - 22 javelins (quivered)
Armour
 b - +2 gold dragon scales (worn)
 c - a +0 kite shield (worn)
 p - a +0 pair of boots
 u - a +0 cloak (worn)
 v - a +2 pair of gloves of archery (worn)
 C - a +1 pair of boots (worn)
Jewellery
 n - a +3 ring of protection (right hand)
 r - a ring of poison resistance (left hand)
Scrolls
 l - a scroll of summoning
 o - 4 scrolls of enchant armour
 t - 2 scrolls of identify
 w - 3 scrolls of fear
Potions
 d - 3 potions of might
 e - 7 potions of curing
 f - 4 potions of heal wounds
 g - 3 potions of haste
 h - 4 potions of magic
 i - 4 potions of berserk rage
 k - a potion of invisibility
 m - a potion of lignification {unknown}
Miscellaneous
 s - a condenser vane (inert)
 z - a tin of tremorstones (2/2)
 A - a lightning rod (4/4)
 B - a phial of floods


   Skills:
 O Level 27 Fighting
 - Level 2.5(3.0) Short Blades
 - Level 2.7(3.3) Long Blades
 O Level 27 Axes
 - Level 2.7(18.9) Maces & Flails
 - Level 2.8(18.9) Polearms
 - Level 2.7(3.9) Staves
 + Level 9.9(11.5) Slings
 - Level 2.5 Bows
 - Level 2.5 Crossbows
 + Level 9.1(10.7) Throwing
 O Level 27 Armour
 + Level 12.7 Dodging
 - Level 5.1 Stealth
 O Level 27 Shields
 - Level 2.3 Unarmed Combat
 - Level 2.1 Invocations
 + Level 9.2 Evocations


You had 15 spell levels left.
You didn't know any spells.
Your spell library was empty.

Dungeon Overview and Level Annotations

Branches:
Dungeon (1/1)

Altars:
Ashenzari
Cheibriados
Dithmenos
Elyvilon
Fedhas
Gozag
Hepliaklqana
Kikubaaqudgha
Makhleb
Nemelex Xobeh
Okawaru
Qazlal
Ru
Sif Muna
Trog
Uskayaw
Vehumet
Wu Jian
Xom
Yredelemnul
Zin
The Shining One
Beogh
Jiyva
Lugonu

Annotations:
D Gloorx Vloq


Innate Abilities, Weirdness & Mutations

You have a pair of horns on your head.
You reflexively headbutt those who attack you in melee.
You have sharp toenails.
Armour fits poorly on your strangely shaped body.


Message History

The poison arrow hits you but does no damage.
You are more poisoned.
Gloorx Vloq is engulfed in blazing flames.
Gloorx Vloq calls on the powers of darkness!
Your body is wracked with pain!
* * * LOW HITPOINT WARNING * * *
Unknown command.
You feel much better.
You are engulfed in dark miasma.
You are more poisoned.
You feel yourself slow down.
You feel extremely sick.
Gloorx Vloq is engulfed in blazing flames.
Gloorx Vloq gestures at you.
The foul vapour engulfs you but does no damage.
Gloorx Vloq is engulfed in blazing flames.
Gloorx Vloq hits you!!
* * * LOW HITPOINT WARNING * * *
Unknown command.
You feel much better.
You feel sick.
Gloorx Vloq is engulfed in blazing flames.
Gloorx Vloq gestures at you. The foul vapour engulfs you!!
You are more poisoned.
You feel as though you will be slow longer.
* * * LOW HITPOINT WARNING * * *
Gloorx Vloq is engulfed in blazing flames.
Gloorx Vloq gestures at you. The poison arrow misses you.
Gloorx Vloq is engulfed in blazing flames.
Gloorx Vloq misses you. You furiously retaliate!
You headbutt Gloorx Vloq, but do no damage.
You feel much better.
You are engulfed in dark miasma.
* * * LOW HITPOINT WARNING * * *
x2 You feel extremely sick.
Gloorx Vloq is engulfed in blazing flames.
Gloorx Vloq gestures at you. You block the poison arrow.
Gloorx Vloq is engulfed in blazing flames.
Gloorx Vloq hits you.
You die...

##1#..'####'#..)#*#.#
#.#L##.#§#)###..###'#
####..###§##[##..##.#
#.#)##L§L.###'#..##'#
##[#§§#####.##).###)#
#.#'##'.#.##'§§## #'#
###)#,####'#.§§## #.#
,,######.##..##&###'#
,,,**#)##'.)#'##@##.##
,,,,*##'#..'##.#°#...#
,,,,,*##..##.###°°)[.#
****** ####*## ####.##
******************#'#
,,,,,,,,,,,*,,*,,*#)#
,,,,,,,,,,,*,,*,,*#'#
*********,,*++*++*#.#
,,,,,,,,*,,,,,,,,*#'#


You could see Gloorx Vloq.

Vanquished Creatures
  4 ancient liches (D)
  3 pandemonium lords (D)
  2 orbs of fire (D)
  A royal mummy (D)
  Nikola (D)
  A curse toe (D)
  A golden dragon (D)
  A pearl dragon (D)
  A Tzitzimitl (D)
  A tentacled monstrosity (D)
  A hellephant (D)
  3 titans (D)
  A deep elf master archer (D)
  An acid blob (D)
  An Executioner (D)
  A storm dragon (D)
  A nagaraja (D)
  4 azure jellies (D)
  A deep elf sorcerer (D)
  An iron dragon (D)
  A ghoul (D)
  An orc warlord (D)
  An apis (D)
  A deep elf demonologist (D)
  A green draconian (D)
  A deep elf annihilator (D)
  A purple draconian (D)
  A minotaur (D)
  A white draconian (D)
  A blizzard demon (D)
  2 fire dragons (D)
  A deep elf high priest (D)
  2 mummy priests (D)
  A yaktaur captain (D)
  An ice dragon (D)
  A spriggan air mage (D)
  4 vault guards (D)
  2 naga warriors (D)
  An anaconda (D)
  2 centaur warriors (D)
  2 death yaks (D)
  A two-headed ogre (D)
  A deep elf knight (D)
  A sun demon (D)
  A flayed ghost (D)
  2 sea snakes (D)
  A wizard (D)
  A deep elf pyromancer (D)
  2 deep elf zephyrmancers (D)
  6 orc knights (D)
  A cyclops (D)
  A wolf spider (D)
  A manticore (D)
  An ugly thing (D)
  2 black mambas (D)
  A smoke demon (D)
  A molten gargoyle (D)
  An orange demon (D)
  An unseen horror (D)
  A freezing wraith (D)
  A rime drake (D)
  A yaktaur (D)
  A guardian mummy (D)
  A komodo dragon (D)
  An efreet (D)
  2 hellwings (D)
  2 hornets (D)
  Grinder (D)
  2 wandering mushrooms (D)
  An air elemental (D)
  A vampire (D)
  2 wraiths (D)
  A yak (D)
  Grum (D)
  A steam dragon (D)
  A basilisk (D)
  A small abomination (D)
  A warg (D)
  2 orc warriors (D)
  A water moccasin (D)
  A floating eye (D)
  A sky beast (D)
  12 wolves (D)
  A centaur (D)
  A kobold brigand (D)
  An earth elemental (D)
  3 scorpions (D)
  2 orc priests (D)
  An iguana (D)
  2 orc wizards (D)
  2 hell rats (D)
  2 gnolls (D)
  2 adders (D)
  A river rat (D)
  A white imp (D)
  An ufetubus (D)
  7 orcs (D)
  A ball python (D)
  A bat zombie (D)
  An endoplasm (D)
  A giant cockroach (D)
  A quokka (D)
  A ball python zombie (D)
  2 bats (D)
  2 frilled lizards (D)
163 creatures vanquished.

Vanquished Creatures (collateral kills)
  A pandemonium lord (D)
  An orc warlord (D)
  An eidolon (D)
  A yaktaur captain (D)
  2 vault guards (D)
  A boulder beetle (D)
  A vampire mage (D)
  A deep elf knight (D)
  A deep troll (D)
  A shadow wraith (D)
  A bog body (D)
  A cyclops (D)
  5 orc knights (D)
  2 yaktaurs (D)
  An efreet (D)
  2 wind drakes (D)
  2 redbacks (D)
  Terence (D)
  A gnoll (D)
  A ball python (D)
28 creatures vanquished.

Vanquished Creatures (others)
  Xtahua (D)
  A shadow wraith (D)
  A yaktaur (D)
  A wolf (D)
  An ufetubus (D)
5 creatures vanquished.

Grand Total: 196 creatures vanquished

Notes
Turn   | Place    | Note
-------+----------+-------------------------------------------
     0 | D        | mhtbhm the Minotaur Fighter began the quest for the Orb.
     0 | D        | Reached XP level 1. HP: 19/19 MP: 0/0
    24 | D        | Found a bloodstained altar of Trog.
    24 | D        | Found a shimmering blue altar of Sif Muna.
    24 | D        | Found a viscous altar of Jiyva.
    24 | D        | Found a hazy altar of Hepliaklqana.
    24 | D        | Found an opulent altar of Gozag.
    25 | D        | Found a glowing golden altar of the Shining One.
    25 | D        | Found a glowing silver altar of Zin.
    25 | D        | Found a basalt altar of Yredelemnul.
    25 | D        | Found a shimmering altar of Xom.
    25 | D        | Found an ornate altar of the Wu Jian Council.
    25 | D        | Found a sacrificial altar of Ru.
    25 | D        | Found a stormy altar of Qazlal.
    25 | D        | Found an iron altar of Okawaru.
    25 | D        | Found a sparkling altar of Nemelex Xobeh.
    25 | D        | Found a burning altar of Makhleb.
    25 | D        | Found a blossoming altar of Fedhas.
    25 | D        | Found a white marble altar of Elyvilon.
    25 | D        | Found a shadowy altar of Dithmenos.
    25 | D        | Found a snail-covered altar of Cheibriados.
    27 | D        | Found a radiant altar of Vehumet.
    27 | D        | Found a corrupted altar of Lugonu.
    29 | D        | Became a worshipper of Trog the Wrathful
    76 | D        | Noticed a scorpion
    81 | D        | Reached * piety under Trog
    82 | D        | Reached XP level 2. HP: 14/28 MP: 1/1
    88 | D        | Killed a scorpion
    89 | D        | Reached skill level 5 in Fighting
    89 | D        | Reached skill level 5 in Shields
    89 | D        | Reached XP level 3. HP: 16/36 MP: 2/2
   256 | D        | Reached ** piety under Trog
   257 | D        | Reached XP level 4. HP: 44/44 MP: 3/3
   386 | D        | Noticed a warg
   387 | D        | Noticed a sky beast
   400 | D        | Killed a warg
   401 | D        | Reached skill level 1 in Dodging
   401 | D        | Reached XP level 5. HP: 41/52 MP: 4/4
   406 | D        | Killed a sky beast
   406 | D        | Reached *** piety under Trog
   407 | D        | Reached XP level 6. HP: 32/61 MP: 5/5
   659 | D        | Noticed a water moccasin
   666 | D        | Killed a water moccasin
   666 | D        | Reached **** piety under Trog
   667 | D        | Reached skill level 10 in Armour
   779 | D        | Noticed a rime drake
   789 | D        | Killed a rime drake
   790 | D        | Reached skill level 10 in Shields
   790 | D        | Reached XP level 7. HP: 37/70 MP: 6/6
   944 | D        | Noticed Grinder
   954 | D        | Reached skill level 10 in Axes
   959 | D        | Killed Grinder
   959 | D        | Reached ***** piety under Trog
  1112 | D        | Noticed a deep elf zephyrmancer
  1112 | D        | Noticed a deep elf pyromancer
  1114 | D        | Noticed a fire elemental
  1114 | D        | Noticed a fire elemental
  1119 | D        | Killed a deep elf pyromancer
  1120 | D        | Reached skill level 10 in Fighting
  1120 | D        | Reached XP level 8. HP: 16/80 MP: 7/7
  1123 | D        | Killed a deep elf zephyrmancer
  1459 | D        | Found a hide-covered altar of Uskayaw.
  1459 | D        | Found an ancient bone altar of Kikubaaqudgha.
  1459 | D        | Found a broken altar of Ashenzari.
  1486 | D        | Noticed a sea snake
  1486 | D        | Noticed a komodo dragon
  1495 | D        | Killed a komodo dragon
  1496 | D        | Reached XP level 9. HP: 64/89 MP: 8/8
  1496 | D        | Killed a sea snake
  1496 | D        | Received a gift from Trog
  1497 | D        | Reached skill level 1 in Stealth
  1690 | D        | Noticed a wizard
  1690 | D        | Noticed a fire dragon
  1707 | D        | Killed a fire dragon
  1708 | D        | Killed a wizard
  1709 | D        | Reached skill level 15 in Axes
  1709 | D        | Reached XP level 10. HP: 99/99 MP: 9/9
  1869 | D        | Noticed a sun demon
  1879 | D        | Killed a sun demon
  1879 | D        | Reached ****** piety under Trog
  1974 | D        | Noticed an orange demon
  1982 | D        | Killed an orange demon
  2047 | D        | Noticed a centaur warrior
  2059 | D        | Killed a centaur warrior
  2059 | D        | Identified the +12 lajatang of Pousko {vorpal, rC+ rN+
                  | Int+2} (Trog gifted it to you in the Dungeon)
  2059 | D        | Received a gift from Trog
  2180 | D        | Noticed a black mamba
  2186 | D        | Reached skill level 15 in Armour
  2187 | D        | Killed a black mamba
  2196 | D        | Received a gift from Trog
  2209 | D        | Noticed a manticore
  2218 | D        | Killed a manticore
  2382 | D        | Noticed a sea snake
  2392 | D        | Killed a sea snake
  2393 | D        | Reached XP level 11. HP: 45/108 MP: 10/10
  2621 | D        | Received a gift from Trog
  2623 | D        | Noticed a death yak
  2629 | D        | Killed a death yak
  2630 | D        | Reached skill level 15 in Shields
  2634 | D        | Received a gift from Trog
  3001 | D        | Noticed Grum
  3006 | D        | Received a gift from Trog
  3011 | D        | Noticed a death yak
  3014 | D        | Killed Grum
  3023 | D        | Killed a death yak
  3295 | D        | Noticed a vault guard
  3305 | D        | Identified the +10 battleaxe of the Moon {flame, rC+ Int+5
                  | Stlth+} (Trog gifted it to you in the Dungeon)
  3305 | D        | Received a gift from Trog
  3308 | D        | Killed a vault guard
  3309 | D        | Reached skill level 15 in Fighting
  3319 | D        | Reached skill level 5 in Dodging
  3437 | D        | Noticed Terence
  3437 | D        | Noticed an eidolon
  3438 | D        | Noticed a deep troll
  3439 | D        | Noticed a minotaur
  3439 | D        | Noticed a boulder beetle
  3442 | D        | Received a gift from Trog
  3444 | D        | Paralysed by a floating eye for 4 turns
  3445 | D        | Killed an eidolon
  3446 | D        | Killed Terence
  3452 | D        | Killed a deep troll
  3454 | D        | Killed a minotaur
  3454 | D        | Received a gift from Trog
  3454 | D        | Killed a boulder beetle
  3732 | D        | Noticed an orc knight
  3738 | D        | Killed an orc knight
  3742 | D        | Reached XP level 12. HP: 122/122 MP: 11/11
  3745 | D        | Received a gift from Trog
  3890 | D        | Noticed a deep elf high priest
  3890 | D        | Noticed a vampire mage
  3901 | D        | Killed a deep elf high priest
  3905 | D        | Noticed a two-headed ogre
  3909 | D        | Killed a two-headed ogre
  3909 | D        | Received a gift from Trog
  3918 | D        | Killed a vampire mage
  3923 | D        | Received a gift from Trog
  3943 | D        | Noticed a nagaraja
  3950 | D        | Killed a nagaraja
  3950 | D        | Noticed a centaur warrior
  3957 | D        | Killed a centaur warrior
  3971 | D        | Identified the +3 broad axe of Trog's Approval {flame, SInv
                  | Stlth+} (Trog gifted it to you in the Dungeon)
  3971 | D        | Received a gift from Trog
  3978 | D        | Noticed a mummy priest
  3984 | D        | Noticed a jiangshi
  3998 | D        | Killed a mummy priest
  4315 | D        | Noticed a pearl dragon
  4324 | D        | Killed a pearl dragon
  4324 | D        | Received a gift from Trog
  4464 | D        | Noticed an orc warlord
  4464 | D        | Noticed an orc warlord
  4464 | D        | Noticed an anaconda
  4467 | D        | Noticed a vault guard
  4476 | D        | Reached XP level 13. HP: 131/136 MP: 12/12
  4479 | D        | Killed an orc warlord
  4479 | D        | Received a gift from Trog
  4484 | D        | Killed an orc warlord
  4493 | D        | Reached skill level 1 in Evocations
  4498 | D        | Received a gift from Trog
  4503 | D        | Received a gift from Trog
  4829 | D        | Received a gift from Trog
  5177 | D        | Noticed a green draconian
  5183 | D        | Killed a green draconian
  5185 | D        | Noticed a Tzitzimitl
  5196 | D        | Killed a Tzitzimitl
  5480 | D        | Noticed an azure jelly
  5486 | D        | Killed an azure jelly
  5489 | D        | Noticed an azure jelly
  5496 | D        | Killed an azure jelly
  5497 | D        | Reached skill level 5 in Stealth
  5604 | D        | Noticed a deep elf master archer
  5604 | D        | Noticed a curse toe
  5604 | D        | Noticed an azure jelly
  5604 | D        | Noticed a titan
  5605 | D        | Received a gift from Trog
  5606 | D        | Killed an azure jelly
  5608 | D        | Killed a titan
  5609 | D        | Received a gift from Trog
  5609 | D        | Killed a deep elf master archer
  5617 | D        | Killed a curse toe
  5618 | D        | Reached XP level 14. HP: 70/151 MP: 13/13
  5863 | D        | Noticed an orb of fire
  5887 | D        | Gained mutation: Your body sometimes deteriorates upon
                  | taking damage. [an orb of fire]
  5892 | D        | Killed an orb of fire
  6252 | D        | Lost mutation: Your body sometimes deteriorates upon taking
                  | damage. [potion of mutation]
  6252 | D        | Gained mutation: You have sharp toenails. [potion of
                  | mutation]
  6255 | D        | Noticed Nikola
  6270 | D        | Killed Nikola
  6494 | D        | Noticed a tentacled monstrosity
  6502 | D        | Killed a tentacled monstrosity
  6502 | D        | Received a gift from Trog
  6505 | D        | Noticed an apis
  6514 | D        | Killed an apis
  6595 | D        | Noticed a golden dragon
  6601 | D        | Killed a golden dragon
  6606 | D        | Noticed an Ice Fiend
  6712 | D        | Noticed a hellephant
  6719 | D        | Killed a hellephant
  6780 | D        | Noticed an acid blob
  6784 | D        | Killed an acid blob
  6867 | D        | Noticed an azure jelly
  6874 | D        | Killed an azure jelly
  6874 | D        | Identified the +10 hand axe of Sivoi {vorpal, rElec rC- rN+
                  | Int+2} (Trog gifted it to you in the Dungeon)
  6874 | D        | Received a gift from Trog
  6878 | D        | Noticed an orb of fire
  6886 | D        | Gained mutation: Armour fits poorly on your strangely
                  | shaped body. [an orb of fire]
  6900 | D        | Killed an orb of fire
  6901 | D        | Reached XP level 15. HP: 121/166 MP: 14/14
  7074 | D        | Noticed a titan
  7079 | D        | Killed a titan
  7194 | D        | Noticed a deep elf sorcerer
  7196 | D        | Killed a deep elf sorcerer
  7201 | D        | Noticed an orb of fire
  7284 | D        | Noticed Uhiepp the pandemonium lord
  7296 | D        | Killed Uhiepp the pandemonium lord
  7337 | D        | Noticed Esico the pandemonium lord
  7348 | D        | Killed Esico the pandemonium lord
  7457 | D        | Noticed an iron dragon
  7465 | D        | Killed an iron dragon
  7465 | D        | Received a gift from Trog
  7536 | D        | Noticed an Executioner
  7544 | D        | Killed an Executioner
  7825 | D        | Noticed an ancient lich
  7838 | D        | Killed an ancient lich
  7838 | D        | Received a gift from Trog
  7852 | D        | Noticed Veplim the pandemonium lord
  7855 | D        | Noticed a titan
  7874 | D        | Killed Veplim the pandemonium lord
  7875 | D        | Reached skill level 27 in Fighting
  7875 | D        | Reached skill level 27 in Axes
  7875 | D        | Reached XP level 16. HP: 16/183 MP: 15/15
  7875 | D        | Killed a titan
  7876 | D        | Reached skill level 27 in Shields
  8301 | D        | Noticed Addior the pandemonium lord
  8302 | D        | Noticed Xtahua
  8316 | D        | Killed Addior the pandemonium lord
  8316 | D        | Received a gift from Trog
  8320 | D        | Paralysed by Xtahua for 4 turns
  8321 | D        | Killed Xtahua
  8322 | D        | Reached skill level 27 in Armour
  8676 | D        | Noticed a royal mummy
  8683 | D        | Killed a royal mummy
  8909 | D        | Noticed an ancient lich
  8936 | D        | Killed an ancient lich
  8937 | D        | Reached skill level 5 in Throwing
  8937 | D        | Reached skill level 10 in Dodging
  9077 | D        | Noticed a storm dragon
  9083 | D        | Killed a storm dragon
  9089 | D        | Noticed an ancient lich
  9133 | D        | Killed an ancient lich
  9133 | D        | Received a gift from Trog
  9334 | D        | Noticed Gloorx Vloq
  9334 | D        | Noticed an ancient lich
  9337 | D        | Noticed an Executioner
  9337 | D        | Noticed an Executioner
  9393 | D        | Killed an ancient lich
  9735 | D        | HP: 7/183 [Gloorx Vloq (25)]
  9737 | D        | Slain by Gloorx Vloq

Illustrated notes

Levels and vault maps discovered:
D:        pitsprint [storerooms_1, entrance_room_1, metal_vault_2, armoury_1,
          mini_pit_1, grid_room_1, main_hall_1, silver_pit, the_coven_3,
          the_vestibule_1, steel_vault_2, golden_pit, hallway_of_sentries,
          crystal_vault_1, iron_vault_5, final_vault]

Skill      XL: |  1  2  3  4  5  6  7  8  9 10 11 12 13 14 15 16 |
---------------+-------------------------------------------------+-----
Fighting       | 4 5 6 7 8 9 10 11 12 13 16 18 21 23 27 | 27.0
Armour         | 4 6 8 9 10 12 14 15 16 18 20 22 24 27 | 27.0
Shields        | 4 5 6 8 10 11 12 13 14 17 19 21 23 26 27 | 27.0
Axes           | 4 6 7 9 11 13 15 17 19 20 22 24 27 | 27.0
Dodging        | 1 2 3 5 7 8 12 | 12.7
Stealth        | 1 2 5 |  5.1
Evocations     | 1 3 9 |  9.2
Short Blades   | 2 |  2.5
Long Blades    | 2 |  2.7
Maces & Flails | 2 |  2.7
Polearms       | 2 |  2.8
Staves         | 2 |  2.7
Slings         | 9 |  9.9
Bows           | 2 |  2.5
Crossbows      | 2 |  2.5
Throwing       | 9 |  9.1
Unarmed Combat | 2 |  2.3
Invocations    | 2 |  2.1

Action                   |  1- 3 |  4- 6 |  7- 9 | 10-12 | 13-15 | 16-18 || total
-------------------------+-------+-------+-------+-------+-------+-------++-------
Melee: Hand axe          |    18 |    48 |    18 |       |       |       ||    84
       War axe           |     3 |       |    22 |    37 |       |       ||    62
       Headbutt          |     1 |     8 |     6 |    60 |    63 |    29 ||   167
       Broad axe         |       |       |       |   175 |   275 |    80 ||   530
Invok: Berserk           |     1 |       |     4 |     8 |    11 |     4 ||    28
       Brothers in Arms  |       |       |       |     7 |     4 |     1 ||    12
       Trog's Hand       |       |       |       |     2 |     1 |     1 ||     4
Evoke: Tin of tremorston |       |       |       |     1 |     2 |       ||     3
       Condenser vane    |       |       |       |       |     1 |     1 ||     2
  Use: Potion            |       |       |       |     5 |     6 |     6 ||    17
       Scroll            |       |       |       |     2 |       |     2 ||     4
 Stab: Invisible         |       |       |       |       |     3 |       ||     3
       Distracted        |       |       |       |       |     1 |       ||     1
Armor: Scale mail        |    13 |     1 |       |       |       |       ||    14
       Plate armour      |       |    19 |    10 |       |       |       ||    29
       Chain mail        |       |       |     7 |   129 |    12 |       ||   148
       Gold dragon scale |       |       |       |       |    89 |    71 ||   160
Dodge: Dodged            |    12 |     8 |    12 |    73 |    26 |    10 ||   141
Block: Kite shield       |    20 |    17 |    20 |   142 |   141 |    33 ||   373

Table legend: (Time is in decaauts)
 A = Elapsed time spent in this place.
 B = Non-inter-level travel time spent in this place.
 C = Inter-level travel time spent in this place.
 D = Time resting spent in this place.
 E = Time spent auto-exploring this place.
 F = Levels seen in this place.
 G = Mean time per level.
                   A        B        C        D        E       F      G
               +--------+--------+--------+--------+--------+-----+--------+
         Total |   9811 |   9811 |      0 |   7310 |    307 |   1 | 9811.0 |
       Dungeon |   9811 |   9811 |      0 |   7310 |    307 |   1 | 9811.0 |
               +--------+--------+--------+--------+--------+-----+--------+

Top non-repeatable levels by time:
       D: 9811 daAuts
